 Dungeon Crawl Stone Soup version 0.29.1-1-gd02db6906a (webtiles) character file.

Game seed: 16396611140704381633

19448 brubbba the Fighter (level 12, -13/82 HPs)
             Began as a Gargoyle Monk on Sept 23, 2022.
             Was a High Priest of Okawaru.
             Mangled by a faun
             ... wielding a +0 spear
              (17 damage)
             ... on level 1 of the Shoals.
             The game lasted 00:58:02 (14343 turns).

brubbba the Fighter (Gargoyle Monk)                Turns: 14343, Time: 00:58:03

Health: -13/82     AC: 28    Str: 29    XL:     12   Next: 69%
Magic:  0/12       EV: 13    Int: 11    God:    Okawaru [*****.]
Gold:   440        SH:  0    Dex: 12    Spells: 11/11 levels left

rFire   + + +      SeeInvis .   c - +4 great mace (protect)
rCold   + + +      Faith    .   (shield currently unavailable)
rNeg    + . .      Spirit   +   F - +2 ring mail of Rotation {Str+6}
rPois   ∞          Reflect  .   n - +0 helmet
rElec   +          Harm     .   (no cloak)
rCorr   .          Rampage  .   w - +0 pair of gloves "Haegedij" {rF+++ rC+++ Str-3 Stlth+}
Will    .....                   (no boots)
Stlth   +.........              d - amulet of guardian spirit
HPRegen 0.23/turn               J - +6 ring of strength
MPRegen 0.13/turn               (no ring)

@: lit by a corona, weak-willed, under a protective aura, mesmerised, glowing
A: sickness immunity, AC +8, negative energy resistance 1, electricity
resistance, torment resistance 1, petrification resistance
a: Renounce Religion, Heroism, Finesse, Duel


You were on level 1 of the Shoals.
You worshipped Okawaru.
Okawaru was extremely pleased with you.
You visited 4 branches of the dungeon, and saw 13 of its levels.

You collected 668 gold pieces.
You spent 228 gold pieces at shops.

Inventory:

Hand Weapons
 c - a +4 great mace of protection (weapon)
 G - a +2 morningstar of holy wrath
Missiles
 P - a throwing net (quivered)
Armour
 h - a +0 kite shield
 n - a +0 helmet (worn)
 w - the +0 pair of gloves "Haegedij" (worn) {rF+++ rC+++ Str-3 Stlth+}
   (You bought it in a shop on level 5 of the Dungeon)

   Str:       It affects your strength (-3).
   rF:        It renders you almost immune to fire.
   rC:        It renders you almost immune to cold.
   Stlth:     It makes you more stealthy.
 D - a +0 plate armour
 F - the +2 ring mail of Rotation (worn) {Str+6}
   (You found it on level 1 of the Lair of Beasts)

   Str:       It affects your strength (+6).
 H - +0 steam dragon scales
Jewellery
 b - a ring of magical power
 d - an amulet of guardian spirit (around neck)
 v - a ring of fire
 J - a +6 ring of strength (left hand)
Wands
 u - a wand of paralysis (19)
 z - a wand of iceblast (5)
 I - a wand of polymorph (5)
 L - a wand of mindburst (8)
 N - a wand of flame (5)
Scrolls
 a - a scroll of torment {unknown}
 f - 2 scrolls of butterflies {unknown}
 i - 2 scrolls of blinking {unknown}
 j - 7 scrolls of identify {unknown}
 k - 3 scrolls of noise {unknown}
 o - a scroll of summoning {unknown}
 p - a scroll of amnesia {unknown}
 q - a scroll of poison {unknown}
 t - a scroll of teleportation {unknown}
 x - 3 scrolls of enchant armour {unknown}
 y - a scroll of vulnerability {unknown}
 B - 2 scrolls of immolation {unknown}
Potions
 e - 3 potions of brilliance {unknown}
 g - a potion of flight {unknown}
 l - a potion of attraction {unknown}
 m - a potion of curing
 s - 2 potions of haste {unknown}
 A - 2 potions of degeneration
 C - 2 potions of cancellation {unknown}
 E - 2 potions of mutation {unknown}
 K - a potion of might {unknown}
 M - a potion of resistance


   Skills:
 + Level 12.3 Fighting
 + Level 11.3 Maces & Flails
 - Level 10.3 Armour
 * Level 6.7 Dodging
 - Level 2.1 Stealth
 - Level 11.0 Shields


You had 11 spell levels left.
You didn't know any spells.
Your spell library contained the following spells:

 Spells                   Type           Power      Damage    Failure   Level
 Beastly Appendage        Tmut           0%         N/A       43%         1
 Poisonous Vapours        Pois/Air       0%         N/A       56%         2
 Wereblood                Tmut           0%         N/A       56%         2
 Frozen Ramparts          Ice            0%         1d1       80%         3
 Spider Form              Tmut/Pois      0%         N/A       80%         3
 Corpse Rot               Necr/Pois/Air  0%         N/A       99%         4
 Hailstorm                Conj/Ice       0%         3d3       99%         4
 Ice Form                 Ice/Tmut       0%         N/A       99%         4
 Summon Ice Beast         Ice/Summ       Unusable   N/A       N/A         4
 Simulacrum               Ice/Necr       Unusable   N/A       N/A         6

Dungeon Overview and Level Annotations

Branches:
Dungeon (9/15)             Temple (1/1) D:4            Lair (2/5) D:9
 Shoals (1/4) Lair:2       Spider (0/4) Lair:2
    Orc: D:9-12

Altars:
Ashenzari
Cheibriados
Dithmenos
Elyvilon
Gozag
Hepliaklqana
Kikubaaqudgha
Makhleb
Nemelex Xobeh
Okawaru
Qazlal
Ru
Sif Muna
Uskayaw
Vehumet
Wu Jian
Xom
Yredelemnul
Zin
The Shining One

Shops:
D:5 *   D:6 *

Annotations:
D:9 Erica, Erolcha


Innate Abilities, Weirdness & Mutations

You are immune to sickness and miasma.
Your stone body is resilient. (AC +8)
You are immune to poison.
You resist negative energy. (rN+)
You are resistant to electric shocks. (rElec)
You are resistant to unholy torment.
You are immune to petrification.


Message History

The merfolk siren chants its luring song.
The faun misses you.
You bump into the stone wall.
The faun hits you but does no damage. x2
The faun hits you from afar with a +0 spear.
The faun hits you but does no damage.
You hit the faun.
The faun is moderately wounded.
The faun hits you but does no damage. The faun barely misses you.
The faun closely misses you.
The merfolk siren chants its luring song.
The faun splashes around in the water.
You sock the faun!
The faun is almost dead.
You feel less invigorated.
You feel less confused.
The faun hits you but does no damage. x2
The faun splashes around in the water.
The merfolk siren chants its luring song.
The faun misses you.
You barely miss the faun.
The faun is moderately wounded.
The faun hits you with a +0 quarterstaff!
The faun hits you but does no damage. The faun misses you.
The merfolk siren chants its luring song.
The faun hits you from afar with a +0 spear.
You hit the faun.
The faun is heavily wounded.
The faun barely misses you. The faun closely misses you.
The faun completely misses you.
The faun hits you from afar with a +0 spear!
* * * LOW HITPOINT WARNING * * *
You feel better. The faun hits you with a +0 club.
* * * LOW HITPOINT WARNING * * *
The faun hits you from afar with a +0 spear!
* * * LOW HITPOINT WARNING * * *
The faun hits you with a +0 quarterstaff!
* * * LOW HITPOINT WARNING * * *
The merfolk siren chants its luring song.
The faun hits you from afar with a +0 spear!
You die...

.~~~~~~ ~~~~~~~
..~~~~~~~~≈≈≈≈
....~~~~≈≈≈≈≈
[.~~~≈≈≈≈≈≈≈
.~~~~~~≈≈≈≈
##.~~~~~≈≈≈≈ .
#@.~~~~~≈≈≈≈
...###cc~~~~~≈≈≈≈
.~~...cmc†~~~~≈≈≈≈
~~~~....~~~~~~≈≈≈≈
~~~~~..~~~<~~~≈≈≈≈
~~~~.....~~~~~≈≈≈≈
~~~~..###..~~~≈≈≈≈
~~~~.. ##..~~≈≈≈≈
~~~~.. #.~~~≈≈≈≈


You could see 4 fauns and a merfolk siren (mesmerising).

Vanquished Creatures
  A two-headed ogre (D:9)
  An elephant (D:9)
  A merfolk siren (Lair:2)
  A black mamba (Lair:1)
  A water nymph (Shoals:1)
  3 cane toads
  3 komodo dragons (Lair:1)
  Maggie (D:7)
  A troll (D:9)
  A merfolk (Lair:2)
  8 blink frogs
  2 wyverns
  A basilisk (D:9)
  18 yaks
  2 steam dragons (D:7)
  3 water moccasins (Lair:1)
  Duvessa (D:6)
  2 black bears
  3 orc warriors
  An ogre (D:4)
  3 sky beasts
  9 wolves
  4 centaurs
  2 kobold brigands
  6 bullfrogs
  4 scorpions
  A necrophage (D:5)
  2 gnoll sergeants
  11 wights
  Dowan (D:6)
  3 killer bees (D:9)
  2 electric eels (D:6)
  3 hounds
  2 jellies
  8 orc priests
  An iguana (D:6)
  A gnoll bouda (D:6)
  9 orc wizards
  10 adders
  10 gnolls
  2 white imps
  An ufetubus (D:4)
  A worm (D:3)
  A dart slug (D:3)
  40 orcs
  6 ball pythons
  8 endoplasms
  4 giant cockroaches
  9 goblins
  9 hobgoblins
  2 jackals (D:5)
  16 kobolds
  4 quokkas
  10 bats
  2 frilled lizards
  4 rats
  A butterfly (D:6)
267 creatures vanquished.

Vanquished Creatures (others)
  Psyche (D:9)
  An orc (D:9)
  5 fungi
  10 plants
17 creatures vanquished.

Grand Total: 284 creatures vanquished

Notes
Turn   | Place    | Note
-------+----------+-------------------------------------------
     0 | D:1      | brubbba the Gargoyle Monk began the quest for the Orb.
     0 | D:1      | Reached XP level 1. HP: 14/14 MP: 1/1
   304 | D:1      | Reached XP level 2. HP: 17/19 MP: 2/2
   381 | D:1      | Reached skill level 1 in Armour
   946 | D:2      | Reached XP level 3. HP: 24/24 MP: 3/3
  1229 | D:2      | Reached skill level 1 in Shields
  1785 | D:2      | Reached XP level 4. HP: 29/29 MP: 4/4
  1941 | D:2      | Reached skill level 4 in Fighting
  2329 | D:3      | Reached XP level 5. HP: 17/33 MP: 5/5
  2494 | D:3      | Found a shimmering blue altar of Sif Muna.
  3350 | D:4      | Reached XP level 6. HP: 37/39 MP: 4/6
  3420 | D:4      | Noticed a black bear
  3452 | D:4      | Killed a black bear
  3453 | D:4      | Reached skill level 5 in Fighting
  3757 | D:4      | Found a faded altar of an unknown god.
  3759 | D:4      | Found a staircase to the Ecumenical Temple.
  3777 | Temple   | Entered the Ecumenical Temple
  4272 | D:4      | Reached XP level 7. HP: 29/44 MP: 4/7
  4786 | D:5      | Entered Level 5 of the Dungeon
  4786 | D:5      | Found a burning altar of Makhleb.
  4814 | D:5      | Found an iron altar of Okawaru.
  4976 | D:5      | Reached skill level 5 in Maces & Flails
  5027 | D:5      | Became a worshipper of Warmaster Okawaru
  5027 | D:5      | Reached * piety under Okawaru
  5027 | D:5      | Reached ** piety under Okawaru
  5687 | D:5      | Found Tochaxt's Assorted Antiques.
  5690 | D:5      | Bought a pair of warped gloves for 228 gold pieces
  5690 | D:5      | Identified the +0 pair of gloves "Haegedij" {rF+++ rC+++
                  | Str-3 Stlth+} (You bought it in a shop on level 5 of the
                  | Dungeon)
  5752 | D:5      | Reached XP level 8. HP: 46/51 MP: 8/8
  5827 | D:5      | Reached skill level 6 in Fighting
  5907 | D:5      | Found a shadowy altar of Dithmenos.
  6114 | D:6      | Found Ira Xics's General Store.
  6215 | D:6      | Reached skill level 5 in Armour
  6399 | D:6      | Noticed an angel
  6400 | D:6      | Found a glowing silver altar of Zin.
  6439 | D:6      | You fall into a shaft and drop 1 floor!
  6668 | D:6      | Reached skill level 5 in Shields
  6674 | D:6      | Found a white marble altar of Elyvilon.
  6762 | D:6      | Found a basalt altar of Yredelemnul.
  6762 | D:6      | Found a sparkling altar of Nemelex Xobeh.
  6828 | D:6      | Reached *** piety under Okawaru
  7160 | D:6      | Found a glowing golden altar of the Shining One.
  7187 | D:6      | Noticed Duvessa
  7193 | D:6      | Noticed Dowan
  7206 | D:6      | Killed Duvessa
  7230 | D:6      | Killed Dowan
  7512 | D:6      | Reached skill level 7 in Fighting
  7512 | D:6      | Reached XP level 9. HP: 57/57 MP: 7/9
  7814 | D:7      | Noticed Maggie
  8520 | D:7      | Reached skill level 9 in Fighting
  8520 | D:7      | Reached XP level 10. HP: 67/67 MP: 7/10
  8521 | D:7      | Reached skill level 10 in Fighting
  8521 | D:7      | Reached skill level 10 in Armour
  8521 | D:7      | Reached skill level 10 in Shields
  8521 | D:7      | Reached XP level 11. HP: 73/73 MP: 7/11
  8891 | D:7      | Reached skill level 10 in Maces & Flails
  9176 | D:7      | Killed Maggie
  9176 | D:7      | Reached **** piety under Okawaru
  9177 | D:7      | Reached skill level 11 in Fighting
 11331 | D:9      | Noticed Psyche
 11336 | D:9      | Noticed a two-headed ogre
 11348 | D:9      | Killed Psyche
 11355 | D:9      | Killed a two-headed ogre
 11360 | D:9      | Reached ***** piety under Okawaru
 11620 | D:9      | Found a staircase to the Lair.
 12148 | D:9      | Reached XP level 12. HP: 80/80 MP: 12/12
 12308 | D:9      | Noticed Erica
 12308 | D:9      | Noticed Erolcha
 12360 | Lair:1   | Entered Level 1 of the Lair of Beasts
 12660 | D:9      | Reached skill level 5 in Dodging
 13259 | Lair:1   | Received a gift from Okawaru
 13545 | Lair:1   | Reached skill level 12 in Fighting
 13593 | Lair:1   | Identified the +2 ring mail of Rotation {Str+6}
 13726 | Lair:1   | Noticed a seven-headed hydra
 14170 | Lair:2   | Found a hole to the Spider Nest.
 14302 | Lair:2   | Found a staircase to the Shoals.
 14311 | Shoals:1 | Entered Level 1 of the Shoals
 14343 | Shoals:1 | HP: 4/82 [faun/+0 quarterstaff (12)]
 14343 | Shoals:1 | Mangled by a faun

Illustrated notes

Levels and vault maps discovered:
D:1:      saegor_arrival_simple_b, layout_basic, minmay_misc_feat_diagonals,
          minmay_ruptured
D:2:      layout_basic, minmay_tetromino_s4
D:3:      layout_loops_ring, nicolae_sif_muna_condensation, nrook_loot_triangle,
          hex_medium
D:4:      layout_gridville, nicolae_temple_entry_ecumenical, minivault_19
D:5:      old_forge, layout_gridville, lemuel_tele_altar,
          kennysheep_okawaru_gauntlet, mainiacjoe_overflow_surrounded_room,
          serial_shops, kennysheep_mini_moat
D:6:      layout_loops_cross, zin_angel, nicolae_elyvilon_peaceful_grove,
          nicolae_overflow_two_pavilions, mainiacjoe_overflow_24_doors,
          serial_shops, shop, uniq_duvessa
D:7:      layout_gridville, minmay_misc_feat_pillars, uniq_maggie
D:8:      layout_basic
D:9:      layout_roguey, david_lair_generic, corexii_corridor_pit,
          dreamdust_princess_bridge, uniq_psyche, uniq_erica, uniq_erolcha
Temple:   grunt_temple_mini_profane
Lair:1:   layout_regular_city, serial_bayou_shore_a, grunt_megastairs_4
Lair:2:   layout_big_grid, elwin_shoals_entry_rooms, dummy_spider_entry,
          lemuel_fruit_fields, lemuel_fruit_tree
Shoals:1: cheibrodos_shoals_oceanic_diplomacy, layout_shoals, serial_shops,
          shop, nicolae_shoals_siren_and_animal_friends

Skill      XL: |  1  2  3  4  5  6  7  8  9 10 11 12 |
---------------+-------------------------------------+-----
Armour         | 1 2 3 4 5 8 10 | 10.3
Shields        | 1 2 3 4 5 8 10 11 | 11.0
Fighting       | 4 5 7 9 10 11 12 | 12.3
Maces & Flails | 4 5 6 8 9 10 11 | 11.3
Dodging        | 4 6 |  6.7
Stealth        | |  2.1

Action                   |  1- 3 |  4- 6 |  7- 9 | 10-12 || total
-------------------------+-------+-------+-------+-------++-------
Melee: Mace              |    86 |    55 |       |       ||   141
       Flail             |       |   117 |   353 |    84 ||   554
       Morningstar       |       |       |       |   438 ||   438
       Great mace        |       |       |       |   111 ||   111
Invok: Heroism           |       |       |       |     3 ||     3
  Use: Potion            |       |     2 |     4 |     5 ||    11
 Stab: Sleeping          |     7 |     2 |     1 |     9 ||    19
       Held in net/web   |       |       |     1 |       ||     1
       Distracted        |       |       |       |     1 ||     1
Armor: Robe              |    22 |    10 |       |       ||    32
       Ring mail         |       |    80 |     2 |    93 ||   175
       Scale mail        |       |       |   170 |       ||   170
       Plate armour      |       |       |    31 |    77 ||   108
       Steam dragon scal |       |       |       |   184 ||   184
Dodge: Dodged            |    32 |    93 |   121 |   284 ||   530
Block: Kite shield       |    16 |    81 |   187 |   250 ||   534
